Map: Emerald City LE

Players

Adnap

  • Race: Terran Terran
  • League: Master
  • Spawn Location: 11:00

Chocopie

  • Race: Terran Terran
  • League: Master
  • Spawn Location: 11:00

LOADBLASTER - Winner!

  • Race: Terran Terran
  • League: Grandmaster
  • Spawn Location: 5:00

PureLegacy - Winner!

  • Race: Terran Terran
  • Spawn Location: 5:00

VOD

Have the link to the VOD?

Description

Time

  • Played on: Nov. 30, 2018, 3:25 p.m.
  • Length: 10:26
Show
View Real Time Build Order
Export as new Build Order

Adnap Terran 

Build Orders: Hellion Opening 

Get SALT Encoding   

  12  0:01  SCV  
  13  0:13  SCV  
  14  0:20  Supply Depot  
  14  0:25  SCV  
  15  0:30  Refinery  
  15  0:41  SCV  
  16  0:46  Barracks  
  16  0:53  SCV  
  17  0:58  Refinery  
  17  1:05  SCV  
  18  1:18  SCV  
  19  1:34  Factory  
  19  1:38  Barracks Reactor  
  19  1:39  Orbital Command  
  19  1:54  Supply Depot  
  19  2:02  Factory  
  19  2:08  SCV  
  21  2:24  Barracks Tech Lab  
  21  2:25  Hellion  
  21  2:26  Hellion  
  24  2:35  SCV  
  24  2:36  Supply Depot  
  25  2:46  Hellion  
  27  2:55  Hellion  
  29  3:00  Siege Tank  
  29  3:04  SCV  
  33  3:11  Supply Depot  
  33  3:18  Hellion  
  35  3:26  Hellion  
  37  3:38  Siege Tank  
  40  3:51  Supply Depot, Hellion  
  40  3:54  Hellion  
  44  4:04  Engineering Bay  
  42  4:14  Siege Tank  
  45  4:50  Command Center  
  45  4:51  SCV  
  46  4:57  Starport  
  46  5:03  Cyclone  
  46  5:05  Factory Reactor  
  49  5:08  SCV  
  50  5:15  Mag-Field Accelerator  
  50  5:20  SCV  
  51  5:26  Supply Depot  
  51  5:32  SCV  
  48  5:41  Cyclone  
  51  5:46  SCV  
  52  5:54  Viking  
  54  5:58  SCV  
  55  6:04  Viking  
  57  6:12  SCV  
  55  6:24  Viking  
  54  6:29  Orbital Command  
  54  6:30  SCV  
  52  6:37  Viking  
  54  6:48  Siege Tank  
  54  6:50  SCV  
  58  7:00  SCV  
  59  7:03  Viking  
  61  7:09  SCV  
  61  7:12  SCV  
  63  7:25  Hellion x2  
  63  7:26  SCV  
  63  7:27  SCV  
  69  7:34  Missile Turret  
  69  7:36  Missile Turret  
  69  7:38  SCV  
  70  7:49  Siege Tank  
  70  7:50  Hellion x2  
  70  7:51  SCV  
  78  8:00  Supply Depot  
  78  8:01  SCV, Command Center  
  79  8:10  Viking  
  79  8:11  Viking  
  79  8:12  SCV  
  84  8:14  SCV  
  85  8:24  SCV  
  82  8:48  Hellion x2, Siege Tank  
  77  8:52  SCV  
  63  9:07  SCV x2  
  63  9:08  Refinery  
  69  9:10  Refinery, Hellion x2  
  66  9:19  SCV x2  
  66  9:20  Siege Tank  
  70  9:32  Supply Depot  
  70  9:34  Viking x2  
  70  9:35  Hellion  
  70  9:37  Barracks  
  77  9:38  SCV  
  77  9:40  Hellion  
  77  9:42  SCV  
  80  9:50  SCV  
  80  9:52  Siege Tank  
  84  9:54  SCV  
  84  9:57  SCV  
  86  10:03  Hellion x2  
  90  10:08  SCV  
  90  10:09  SCV  
  90  10:13  SCV  
Show
View Real Time Build Order
Export as new Build Order

Chocopie Terran 

Build Orders: Hellion Banshee 

Get SALT Encoding   

  12  0:00  SCV  
  13  0:12  SCV  
  14  0:17  Supply Depot  
  14  0:25  SCV  
  14  0:28  Refinery  
  15  0:38  SCV  
  16  0:45  Barracks  
  16  0:50  SCV  
  17  1:02  SCV  
  18  1:15  SCV  
  19  1:32  Orbital Command  
  19  1:33  Factory  
  19  1:47  Barracks Reactor  
  19  1:53  Command Center  
  19  1:57  SCV  
  20  2:04  Supply Depot  
  20  2:10  SCV  
  21  2:27  Hellion x2  
  21  2:29  Marine  
  26  2:31  Supply Depot  
  26  2:34  SCV  
  27  2:47  Marine  
  27  2:48  Hellion  
  30  2:53  Supply Depot, Hellion  
  30  2:56  SCV  
  33  3:10  Hellion  
  36  3:13  Orbital Command  
  36  3:14  Hellion  
  38  3:21  Refinery  
  38  3:23  Barracks Tech Lab  
  37  3:34  Hellion  
  39  3:36  Hellion  
  39  3:37  SCV  
  42  3:50  Starport  
  42  3:55  SCV  
  43  3:58  SCV  
  47  4:02  Hellion x2  
  47  4:07  Supply Depot, SCV  
  46  4:11  Orbital Command  
  44  4:29  Hellion x2  
  44  4:31  SCV  
  43  4:32  Barracks Reactor  
  43  4:37  SCV  
  44  4:38  Banshee  
  44  4:39  Cloaking Field  
  44  4:44  SCV  
  48  4:50  Engineering Bay  
  48  4:52  Widow Mine  
  50  4:54  Widow Mine  
  50  4:57  SCV  
  53  5:00  SCV  
  54  5:09  SCV  
  54  5:12  SCV  
  52  5:23  SCV  
  52  5:24  SCV  
  52  5:26  Missile Turret x2, Supply Depot  
  54  5:33  Banshee  
  54  5:35  SCV  
  58  5:36  SCV  
  59  5:43  Bunker  
  59  5:47  SCV  
  59  5:48  Sensor Tower, SCV  
  61  5:51  Marine x2  
  63  6:01  Factory Tech Lab  
  63  6:02  Barracks  
  61  6:11  SCV x2  
  63  6:14  Supply Depot  
  63  6:23  SCV x2  
  63  6:24  Command Center  
  68  6:35  SCV x2  
  68  6:38  Refinery  
  68  6:39  Refinery  
  67  6:44  Siege Tank  
  67  6:49  Barracks x2  
  67  6:51  Engineering Bay  
  67  6:52  Supply Depot  
  67  7:00  SCV x2  
  69  7:03  Medivac x2  
  69  7:05  Marine  
  74  7:11  Terran Infantry Weapons Level 1, Barracks  
  74  7:12  Barracks, SCV  
  74  7:13  Barracks  
  75  7:16  SCV  
  75  7:17  Supply Depot  
  75  7:19  Terran Infantry Armor Level 1  
  68  7:24  SCV  
  68  7:28  SCV  
  66  7:34  Marine  
  66  7:36  SCV  
  68  7:40  SCV  
  68  7:43  Orbital Command  
  69  7:45  Supply Depot  
  69  7:48  SCV  
  69  7:49  Armory  
  70  7:51  Supply Depot, Marine  
  70  7:52  Barracks Reactor  
  70  7:53  Missile Turret  
  70  7:54  SCV  
  72  8:00  SCV  
  73  8:06  SCV  
  73  8:07  Barracks Tech Lab x2, Barracks Reactor  
  74  8:13  Marine x2  
  74  8:14  Medivac x2, Marauder, Siege Tank  
  74  8:15  SCV  
  74  8:18  Supply Depot, SCV  
  87  8:28  Marine  
  87  8:29  Marine x2, Marauder  
  87  8:31  Marine x2  
  94  8:35  Marauder  
  94  8:40  Command Center  
  96  8:46  Marine x3  
  96  8:47  Marauder  
  89  8:55  Orbital Command  
  80  9:13  Reaper, Marine x4  
  80  9:14  Reaper x2, Marauder x2  
  84  9:21  SCV x2  
  86  9:35  Marauder  
  86  9:37  Command Center  
  88  9:53  Missile Turret, Marine x4  
  88  9:55  Missile Turret  
Show
View Real Time Build Order
Export as new Build Order

LOADBLASTER Terran - Winner!

Build Orders: Reaper Expand, Hellion Banshee, Mech 

Get SALT Encoding   

  12  0:01  SCV  
  13  0:13  SCV  
  14  0:17  Supply Depot  
  14  0:25  SCV  
  15  0:39  SCV  
  15  0:41  Barracks  
  16  0:50  Refinery  
  16  0:51  SCV  
  17  1:03  SCV  
  18  1:15  SCV  
  19  1:29  Orbital Command  
  19  1:32  Reaper  
  20  1:45  Command Center  
  20  1:56  Supply Depot  
  20  1:59  SCV  
  21  2:04  Reaper  
  22  2:12  SCV  
  23  2:24  SCV  
  23  2:26  Factory  
  24  2:46  Barracks Reactor  
  24  2:47  SCV  
  25  2:54  Command Center  
  25  2:55  Bunker  
  26  2:58  Orbital Command  
  25  3:01  SCV  
  25  3:14  SCV  
  26  3:24  Starport  
  26  3:26  SCV  
  26  3:27  SCV  
  28  3:29  Hellion x2  
  28  3:32  Barracks Tech Lab  
  31  3:38  SCV  
  31  3:39  SCV  
  31  3:48  Refinery  
  29  3:50  Hellion, SCV  
  29  3:51  Hellion  
  29  3:53  SCV  
  35  4:02  SCV  
  36  4:08  Orbital Command  
  37  4:11  Cloaking Field  
  37  4:12  Hellion  
  37  4:14  SCV  
  38  4:17  Hellion  
  38  4:18  SCV  
  41  4:28  Banshee  
  42  4:33  Hellion, Orbital Command  
  42  4:36  SCV  
  46  4:39  Hellion  
  46  4:41  SCV  
  46  4:44  Supply Depot  
  48  4:48  SCV  
  49  4:53  SCV  
  49  4:55  Hellion, Barracks Tech Lab  
  49  4:58  SCV  
  53  5:00  Hellion  
  53  5:01  SCV  
  57  5:10  Refinery, SCV  
  57  5:11  Refinery  
  61  5:14  SCV  
  61  5:16  Hellion, SCV  
  64  5:23  SCV  
  64  5:24  Supply Depot  
  64  5:25  Supply Depot  
  64  5:26  SCV  
  66  5:29  SCV  
  66  5:35  SCV  
  64  5:37  Raven  
  64  5:38  SCV  
  64  5:41  SCV, Widow Mine x2  
  67  5:45  Supply Depot  
  67  5:47  SCV  
  68  5:50  SCV  
  68  5:53  SCV  
  68  5:55  Barracks Reactor  
  70  5:57  Factory  
  70  5:58  Factory  
  70  6:06  Hellion x2  
  70  6:07  SCV x2  
  70  6:08  SCV  
  77  6:19  SCV  
  77  6:21  Armory  
  77  6:22  Armory  
  78  6:27  Hellion, SCV  
  80  6:34  SCV  
  80  6:41  Supply Depot  
  80  6:42  Viking x2  
  80  6:43  Supply Depot  
  80  6:46  Orbital Command  
  84  6:47  SCV  
  84  6:51  Hellion, SCV  
  88  7:00  SCV  
  89  7:07  Siege Tank  
  89  7:09  Refinery  
  89  7:10  Siege Tank  
  89  7:11  Refinery  
  89  7:12  Viking  
  89  7:13  SCV  
  89  7:14  SCV  
  97  7:25  Terran Vehicle Weapons Level 1, Supply Depot  
  97  7:26  Supply Depot  
  97  7:27  Terran Vehicle And Ship Armor Level 1  
  97  7:29  SCV  
  97  7:30  SCV  
  95  7:39  Siege Tank  
  99  7:45  Viking  
  99  7:52  SCV  
  99  7:54  Factory x2, SCV  
  99  7:55  SCV  
  102  8:00  Infernal Pre-Igniter  
  102  8:04  SCV  
  103  8:06  SCV  
  103  8:07  SCV  
  103  8:08  Engineering Bay  
  103  8:12  Siege Tank  
  108  8:16  SCV  
  108  8:17  Supply Depot  
  108  8:18  Viking  
  111  8:20  SCV  
  111  8:25  Siege Tank  
  115  8:30  Starport  
  115  8:41  Sensor Tower  
  115  8:44  Siege Tank  
  118  8:49  Factory Reactor, Factory Tech Lab  
  118  8:51  Viking  
  118  8:54  Command Center  
  114  8:58  Viking  
  114  8:59  Siege Tank  
  114  9:00  Hellion  
  114  9:02  SCV  
  110  9:03  SCV  
  110  9:07  Starport Reactor  
  107  9:14  Siege Tank  
  107  9:15  Hellion  
  107  9:16  Siege Tank  
  115  9:21  Hellion  
  117  9:26  Hellion  
  117  9:27  Hellion  
  121  9:32  Siege Tank  
  121  9:35  SCV x2  
  121  9:36  Hellion  
  128  9:41  Supply Depot, SCV  
  128  9:42  Supply Depot  
  129  9:47  SCV x2  
  131  9:54  Missile Turret x2  
  131  9:58  SCV  
Show
View Real Time Build Order
Export as new Build Order

PureLegacy Terran - Winner!

Build Orders: Gas First Reaper Expand, Liberator Opening 

Get SALT Encoding   

  12  0:01  SCV  
  13  0:13  SCV  
  14  0:18  Supply Depot  
  14  0:25  SCV  
  15  0:29  Refinery  
  15  0:40  SCV  
  16  0:46  Barracks  
  16  0:52  SCV  
  17  1:04  SCV  
  18  1:19  SCV  
  19  1:33  Reaper, Orbital Command  
  20  1:46  Command Center  
  20  1:57  Factory  
  20  1:59  SCV  
  21  2:08  Barracks Reactor  
  21  2:11  SCV  
  21  2:14  Supply Depot  
  22  2:19  Refinery  
  22  2:24  SCV  
  23  2:36  SCV  
  24  2:43  Factory Tech Lab  
  24  2:45  Marine x2  
  24  2:49  SCV  
  26  3:01  Bunker, Orbital Command  
  26  3:02  Siege Tank  
  26  3:03  Marine x2  
  26  3:04  SCV  
  32  3:17  Starport  
  32  3:22  SCV  
  32  3:23  Marine x2  
  33  3:39  Siege Tank  
  34  3:41  Marine  
  34  3:42  Marine  
  34  3:48  Liberator  
  34  3:49  SCV  
  34  3:54  Orbital Command  
  36  3:59  Marine x2  
  40  4:14  Supply Depot  
  40  4:19  SCV x2  
  40  4:22  Marine x2  
  40  4:33  SCV x2  
  40  4:36  Siege Tank  
  40  4:37  Command Center  
  45  4:48  SCV x2  
  47  4:53  Orbital Command  
  47  4:55  Barracks  
  47  4:56  Starport Reactor, Barracks  
  47  4:57  Barracks Tech Lab  
  47  5:06  SCV  
  48  5:17  Marine, Stimpack  
  48  5:18  SCV  
  50  5:22  Supply Depot, SCV  
  50  5:26  Engineering Bay  
  51  5:30  SCV  
  52  5:39  Marine  
  53  5:44  Supply Depot, Marine x2, Siege Tank  
  53  5:48  SCV x2  
  53  5:49  Starport Reactor  
  60  5:51  Refinery x2  
  60  5:54  Terran Infantry Weapons Level 1  
  60  6:00  SCV, Orbital Command  
  60  6:01  SCV  
  62  6:08  Marine x5  
  67  6:13  SCV x2  
  69  6:28  SCV  
  69  6:30  SCV x2  
  69  6:31  Marine x5  
  74  6:34  Siege Tank  
  74  6:35  Medivac x2  
  74  6:39  Supply Depot  
  81  6:49  Marine  
  81  6:52  Marine x3  
  85  7:00  Marine, SCV x2  
  88  7:05  Barracks  
  88  7:06  Armory  
  88  7:07  Barracks, Engineering Bay  
  88  7:10  Medivac x2  
  88  7:14  Orbital Command  
  92  7:16  SCV x2  
  94  7:23  Marine x2  
  94  7:24  Marine x2  
  94  7:28  SCV  
  94  7:29  Supply Depot x2  
  99  7:30  Supply Depot  
  99  7:31  Combat Shield  
  99  7:32  Marine  
  100  7:38  Missile Turret  
  100  7:50  Missile Turret, Medivac x2  
  103  7:59  Missile Turret, SCV x3  
  106  8:08  Barracks Tech Lab  
  106  8:11  SCV  
  106  8:12  SCV x2  
  109  8:17  Terran Infantry Armor Level 1, Supply Depot  
  109  8:19  Supply Depot  
  109  8:23  SCV  
  109  8:24  SCV  
  108  8:47  Marine x3  
  90  8:50  Marine x3  
  90  8:51  Marine  
  90  8:52  Medivac  
  96  8:57  Medivac  
  96  9:01  SCV x3  
  97  9:04  Barracks  
  97  9:05  Marine  
  97  9:06  Barracks  
  97  9:07  Barracks, Marine x2  
  97  9:08  Marine  
  85  9:17  Marauder  
  85  9:18  Marauder x2, Concussive Shells  
  85  9:22  Medivac  
  93  9:27  Medivac, SCV x3  
  98  9:32  Marine x2  
  98  9:33  Marine x2, Command Center  
  102  9:43  Supply Depot, Marine  
  102  9:44  Marauder x2  
  107  9:49  SCV x3  
  107  9:52  Medivac  
  112  9:54  Barracks Tech Lab  
  112  9:55  Marine x2, Barracks Tech Lab x2  
  112  9:56  Marine x2  
  112  9:59  Refinery  
  118  10:00  Refinery  
  118  10:01  Marine, SCV x2  
  127  10:20  Supply Depot  
Tags
 
Add a new tag
Caveats
  • Supply blocks, unpowered buildings, or Contaminate may cause inaccurate times.
  • Supply counts are checked every 10 seconds.